 Dungeon Crawl Stone Soup version 0.13.0-19-g8e0b589 (webtiles) character file.

4431 HungrySpirit the Grappler (level 10, -6/100 HPs)
             Began as a Troll Gladiator on Oct 25, 2013.
             Was a Follower of Yredelemnul.
             Mangled by an orc wizard
             ... wielding a -1,+1 orcish glaive
              (16 damage)
             ... on Level 9 of the Dungeon.
             The game lasted 00:15:17 (6810 turns).

HungrySpirit the Grappler (Troll Gladiator)         Turns: 6810, Time: 00:15:18

HP  -6/100       AC  6     Str 27 (28) XL: 10   Next:  5%
MP   8/8         EV 10     Int  7      God: Yredelemnul [*.....]
Gold 360         SH  0     Dex 12      Spells:  0 memorised,  9 levels left

Res.Fire  : . . .   See Invis. : .     - Unarmed
Res.Cold  : . . .   Warding    : .   b - +0 animal skin
Life Prot.: . . .   Conserve   : .   (shield restricted)
Res.Poison: .       Res.Corr.  : .   h - +0 wizard hat {Int+3}
Res.Elec. : .       Clarity    : .   m - +0 cloak
Sust.Abil.: . .     Spirit.Shd : .   (gloves unavailable)
Res.Mut.  : .       Stasis     : .   (boots unavailable)
Res.Rott. : .       Flight     : .   (no amulet)
Gourmand  : +                        (no ring)
                                     v - ring of protection from magic

@: quite resistant to hostile enchantments, unstealthy
A: unfitting armour, claws 3, fast metabolism 3, gourmand, regeneration 2,
saprovore 2, tough skin 2, AC +1, Dex +2
a: Animate Remains, Renounce Religion


You were on level 9 of the Dungeon.
You worshipped Yredelemnul.
Yredelemnul was aware of your devotion.
You were not hungry.

You visited 1 branch of the dungeon, and saw 9 of its levels.

You collected 340 gold pieces.

Inventory:

Missiles
 d - 3 throwing nets (quivered)
Armour
 b - a +0 animal skin (worn)
 h - a +0 wizard hat of intelligence (worn)
 m - a +0 cloak (worn)
Magical devices
 J - a wand of hasting (2) {unknown}
Comestibles
 a - 4 meat rations
 l - 6 bread rations
 o - a royal jelly
 x - a pear
 z - an apple
 C - a choko
 K - 9 grapes
 M - a chunk of quokka flesh
Scrolls
 c - a scroll of identify
 e - 3 scrolls of remove curse {unknown}
 f - 9 scrolls of teleportation
 k - a scroll of blinking
 p - 3 scrolls of enchant weapon II {unknown}
 r - a scroll of random uselessness {unknown}
 s - 2 scrolls of curse weapon {unknown}
 t - a scroll of enchant weapon I {unknown}
 w - a scroll of fog {unknown}
 y - 2 scrolls of magic mapping {unknown}
 E - a scroll of acquirement {unknown}
 F - a scroll of curse armour {unknown}
 L - a scroll of curse jewellery {unknown}
Jewellery
 i - a +3 ring of evasion {unknown}
 v - a ring of protection from magic (left claw)
 H - an uncursed ring of flight
 I - a +2 ring of protection
Potions
 g - 3 potions of curing {unknown}
 n - 3 potions of magic
 q - 2 potions of speed
 u - 3 potions of might
 A - 2 potions of heal wounds
 B - a potion of agility
 G - a potion of invisibility


   Skills:
 * Level 8.0 Fighting
 - Level 1.7 Throwing
 - Level 2.4 Dodging
 + Level 10.9 Unarmed Combat
 + Level 3.1 Invocations


You had 9 spell levels left.
You didn't know any spells.

Dungeon Overview and Level Annotations

Branches:
Dungeon (9/27)             Temple (0/1) D:7             Orc (0/4) D:9
   Lair (0/8) D:9

Altars:
Ashenzari
Cheibriados
Fedhas
Kikubaaqudgha
Makhleb
Okawaru
Xom
Yredelemnul
the Shining One


Innate Abilities, Weirdness & Mutations

You are too large for most types of armour.
You have claws for hands.
Your metabolism is lightning-fast.
You like to eat raw meat.
You heal very quickly.
You can eat rotten meat.
You are covered in fur (AC +1).
You have very tough skin (AC +2).
You are agile. (Dex +2)


Message History

You claw the orc!
You kill the orc!
Yredelemnul accepts your kill. The magic dart hits you!
* * * LOW HITPOINT WARNING * * *
It hits you.
* * * LOW HITPOINT WARNING * * *
The agate snail briefly extends its eye-stalks.
Things that are here:
an orcish flail; an orc corpse It hits you!
* * * LOW HITPOINT WARNING * * *
You hit it but do no damage. You closely miss it.
You hear some strange, mumbled words.
The magic dart hits you!
* * * LOW HITPOINT WARNING * * *
You miss it. It hits you!
You die...
Your body rises from the dead as a mindless zombie.

##### #...# #.#.# #.#.#
########## #.#.#.#
.........#############.#.#.#####
.........((.(.))@..jj[[.........
........(#############%#...#####
.........# #..........#
.........########..........#
................#..........##
########........#..j..........
#........#...o.........
##########...j......[.
#..........#.


You could see 2 agate snails.

Vanquished Creatures
  Gastronok (D:8)
  Grinder (D:4)
  Prince Ribbit (D:4)
  A hungry ghost (D:9)
  A sky beast (D:9)
  A black bear (D:8)
  An orc warrior (D:9)
  A phantom (D:6)
  2 ogres (D:5)
  A centaur (D:6)
  Sigmund (D:4)
  Duvessa (D:4)
  Blork the orc (D:4)
  4 giant frogs
  A gnoll sergeant (D:8)
  3 wights (D:8)
  A jelly (D:8)
  Dowan (D:4)
  4 crimson imps
  A hound (D:6)
  5 orc priests
  Crazy Yiuf (D:2)
  2 giant frog skeletons
  2 iguanas
  A scorpion (D:4)
  6 orc wizards
  5 worker ants
  2 hound skeletons
  A spectral human (D:5)
  9 gnolls
  6 adders
  A giant mite (D:2)
  5 worms
  5 giant geckos
  17 orcs
  2 ball pythons
  10 bats
  A bat skeleton (D:4)
  7 giant cockroaches
  11 hobgoblins
  2 quokkas
  4 giant newts
  11 goblins
  20 jackals
  15 kobolds
  A kobold zombie (D:5)
  2 orc skeletons
  A quokka skeleton (D:4)
  12 rats
196 creatures vanquished.

Notes
Turn   | Place    | Note
--------------------------------------------------------------
     0 | D:1      | HungrySpirit, the Troll Gladiator, began the quest for the Orb.
     0 | D:1      | Reached XP level 1. HP: 22/22 MP: 0/0
   143 | D:1      | Reached XP level 2. HP: 27/29 MP: 0/0
   703 | D:2      | Reached XP level 3. HP: 36/36 MP: 1/1
   895 | D:2      | Noticed Crazy Yiuf
   906 | D:2      | Killed Crazy Yiuf
   906 | D:2      | Reached skill level 4 in Unarmed Combat
  1133 | D:2      | Reached XP level 4. HP: 45/45 MP: 1/1
  1689 | D:4      | Noticed Duvessa
  1699 | D:4      | Noticed Dowan
  1708 | D:4      | Killed Duvessa
  1708 | D:4      | Reached skill level 5 in Unarmed Combat
  1708 | D:4      | Reached XP level 5. HP: 28/52 MP: 1/1
  1720 | D:4      | Killed Dowan
  2057 | D:4      | Noticed Sigmund
  2069 | D:4      | Reached XP level 6. HP: 61/61 MP: 2/2
  2077 | D:4      | Killed Sigmund
  2077 | D:4      | Reached skill level 6 in Unarmed Combat
  2235 | D:4      | Noticed Blork the orc
  2243 | D:4      | Killed Blork the orc
  2269 | D:4      | Noticed Prince Ribbit
  2275 | D:4      | Noticed Grinder
  2290 | D:4      | Killed Grinder
  2290 | D:4      | Reached skill level 7 in Unarmed Combat
  2290 | D:4      | Reached XP level 7. HP: 36/68 MP: 2/2
  2374 | D:4      | Killed Prince Ribbit
  2845 | D:5      | Entered Level 5 of the Dungeon
  2949 | D:5      | Reached skill level 8 in Unarmed Combat
  3210 | D:5      | Reached XP level 8. HP: 26/78 MP: 2/2
  3492 | D:5      | Reached skill level 5 in Fighting
  3714 | D:5      | Found a basalt altar of Yredelemnul.
  3908 | D:5      | Became a worshipper of Yredelemnul the Dark
  4156 | D:5      | Reached skill level 9 in Unarmed Combat
  4638 | D:6      | Found a blossoming altar of Fedhas.
  4638 | D:6      | Found a shattered altar of Ashenzari.
  4638 | D:6      | Found a glowing golden altar of the Shining One.
  4655 | D:6      | Found a snail-covered altar of Cheibriados.
  4658 | D:6      | Found a burning altar of Makhleb.
  5029 | D:7      | Found a staircase to the Ecumenical Temple.
  5295 | D:7      | Found an iron altar of Okawaru.
  5365 | D:7      | Gained mutation: You evolve. [potion of beneficial mutation]
  5393 | D:7      | Gained mutation: You are agile. (Dex +2) [evolution]
  5393 | D:7      | Lost mutation: You evolve. [end of evolution]
  5813 | D:8      | Reached skill level 10 in Unarmed Combat
  5813 | D:8      | Reached XP level 9. HP: 83/87 MP: 3/3
  5831 | D:8      | Acquired Yredelemnul's first power
  6232 | D:8      | Found an ancient bone altar of Kikubaaqudgha.
  6235 | D:8      | Noticed Gastronok
  6248 | D:8      | Killed Gastronok
  6635 | D:9      | Found a staircase to the Orcish Mines.
  6637 | D:9      | Found a shimmering altar of Xom.
  6753 | D:9      | Reached XP level 10. HP: 93/98 MP: 7/7
  6760 | D:9      | Found a staircase to the Lair.
  6810 | D:9      | Mangled by an orc wizard

Action                   |  1- 3 |  4- 6 |  7- 9 | 10-12 || total
-------------------------+-------+-------+-------+-------++-------
Melee: Unarmed           |   107 |   106 |   349 |    15 ||   577
  Use: Scroll            |       |       |    10 |     1 ||    11
       Potion            |       |       |     3 |       ||     3
 Stab: Sleeping          |       |       |     1 |       ||     1
